 Dungeon Crawl Stone Soup version 0.27-a0-346-ga689d4a613 (webtiles) character file.

Game seed: 16379254134904848687

457345 wakim the Warrior (level 24, -7/195 (197) HPs)
             Began as a Merfolk Venom Mage on Feb 14, 2021.
             Was the Champion of Cheibriados.
             Killed from afar by a lich (46 damage)
             ... with a crystal spear
             ... on level 1 of the Depths on Feb 15, 2021.
             The game lasted 04:26:16 (55791 turns).

wakim the Warrior (Merfolk Venom Mage)             Turns: 55791, Time: 04:26:16

HP:   -7/195 (197)  AC: 23    Str: 28      XL:     24   Next: 9%
MP:   0/47          EV: 25    Int: 37      God:    Cheibriados [******]
Gold: 3708          SH: 34    Dex: 27 (28) Spells: 20/46 levels left

rFire    + . .     SeeInvis +   a - +3 trident (vamp)
rCold    . . .     Faith    .   Z - +18 shield of the Gong {rElec rN+ Will+ EV-5}
rNeg     + + .     Spirit   +   O - +1 scale mail of the Dragon {+Blink +Inv Regen+}
rPois    +         Reflect  .   Y - +2 helmet {SInv}
rElec    +         Harm     .   w - +2 cloak {rPois}
rCorr    +         Rampage  .   C - +2 pair of gloves {Stlth+}
Will     +++..                  D - +2 pair of boots
Stlth    +++++.....             X - amulet "Uleablea" {Spirit rN+ Will+ Str-3 Int+3}
HPRegen  1.42/turn              d - ring of magical power
MPRegen  0.30/turn              k - ring of Jazich {rF+ rCorr Str+4}

@: lethally poisoned (-7 -> -7), studying Shields, lightly drained, very slow
A: change form in water, swift swim, stealthy swim, claws 1, clumsy 1,
deterioration 1, dopey 1
}: 3/15 runes: serpentine, barnacled, silver
a: Renounce Religion, Evoke Blink, Evoke Invisibility, Bend Time, Temporal
Distortion, Slouch, Step From Time


You were on level 1 of the Depths.
You worshipped Cheibriados.
Cheibriados was exalted by your worship.
You visited 9 branches of the dungeon, and saw 41 of its levels.
You visited the Abyss 4 times.
You also visited: Bailey.

You collected 8737 gold pieces.
You spent 5029 gold pieces at shops.

Inventory:

Hand Weapons
 a - a +3 vampiric trident (weapon)
 b - a +4 demon trident of venom
 A - a +3 demon trident of draining
 V - a +3 demon trident of venom
Missiles
 r - 19 throwing nets
 I - 148 boomerangs
Armour
 c - +0 shadow dragon scales
 w - a +2 cloak of poison resistance (worn)
 C - a +2 pair of gloves of stealth (worn)
 D - a +2 pair of boots (worn)
 L - a +3 kite shield of reflection
 O - the +1 scale mail of the Dragon (worn) {+Blink +Inv Regen+}
   (You bought it in a shop on level 5 of the Vaults)

   It lets you turn invisible.
   It lets you blink.
   It increases your rate of regeneration.
 Y - a +2 helmet of see invisible (worn)
 Z - the +18 shield of the Gong (worn) {rElec rN+ Will+ EV-5}
   (You bought it in a shop on level 1 of the Snake Pit)

   It affects your evasion (-5).
   It insulates you from electricity.
   It protects you from negative energy.
   It affects your willpower, your defense against some magical effects.
Jewellery
 d - a ring of magical power (left hand)
 e - a ring of positive energy
 k - the ring of Jazich (right hand) {rF+ rCorr Str+4}
   (You acquired it on level 3 of the Elven Halls)

   [ring of resist corrosion]

   It affects your strength (+4).
   It protects you from fire.
   It provides partial protection from all sources of acid and corrosion.
 v - a +6 ring of strength
 E - an amulet of magic regeneration
 J - a ring of protection from fire
 U - a ring of protection from cold
 X - the amulet "Uleablea" (around neck) {Spirit rN+ Will+ Str-3 Int+3}
   (You found it on level 2 of the Abyss)

   [amulet of guardian spirit]

   It causes incoming damage to be split between your health and magic.
   It affects your strength (-3).
   It affects your intelligence (+3).
   It protects you from negative energy.
   It affects your willpower, your defense against some magical effects.
Wands
 i - a wand of charming (15)
 q - a wand of paralysis (9)
 M - a wand of digging (12)
Scrolls
 g - 7 scrolls of immolation
 l - 10 scrolls of teleportation
 m - 3 scrolls of enchant weapon
 n - 11 scrolls of enchant armour
 s - 5 scrolls of fog
 x - 8 scrolls of magic mapping
 y - 29 scrolls of identify
 z - 6 scrolls of blinking
 B - 7 scrolls of amnesia
 Q - 8 scrolls of fear
 S - 2 scrolls of silence
Potions
 h - 9 potions of attraction
 o - 2 potions of invisibility
 p - 7 potions of cancellation
 t - 3 potions of resistance
 u - 14 potions of curing
 F - 4 potions of might
 G - a potion of ambrosia
 H - 3 potions of brilliance
 K - 6 potions of heal wounds


   Skills:
 * Level 17.9 Fighting
 - Level 15.5 Polearms
 * Level 10.3 Throwing
 * Level 9.9 Armour
 + Level 17.0 Dodging
 - Level 13.1 Stealth
 - Level 15.0 Shields
 + Level 11.7 Spellcasting
 - Level 15.0 Transmutations
 - Level 3.0 Fire Magic
 - Level 10.0 Earth Magic
 - Level 9.0 Poison Magic
 + Level 15.0 Invocations


You had 20 spell levels left.
You knew the following spells:

 Your Spells              Type           Power        Failure   Level
a - Alistair's Intoxicat  Tmut/Pois      56%          1%          5
b - Poisonous Vapours     Pois/Air       100%         1%          2
c - Olgreb's Toxic Radia  Pois           73%          1%          4
d - Ignite Poison         Fire/Tmut/Pois 73%          1%          3
e - Statue Form           Tmut/Erth      56%          3%          6
f - Eringya's Noxious Bo  Tmut/Pois      42%          3%          6

Your spell library contained the following spells:

 Spells                   Type           Power        Failure   Level
 Beastly Appendage        Tmut           100%         0%          1
 Wereblood                Tmut           93%          0%          2
 Foxfire                  Conj/Fire      100%         1%          1
 Sandblast                Erth           100%         1%          1
 Sting                    Tmut/Pois      100%         1%          1
 Passwall                 Tmut/Erth      70%          1%          2
 Spider Form              Tmut/Pois      42%          1%          3
 Stone Arrow              Conj/Erth      100%         1%          3
 Ice Form                 Ice/Tmut       67%          1%          4
 Petrify                  Tmut/Erth      85%          1%          4
 Blade Hands              Tmut           46%          1%          5
 Lee's Rapid Deconstruct  Erth           38%          1%          5
 Hydra Form               Tmut           46%          1%          6
 Animate Skeleton         Necr           42%          3%          1
 Apportation              Tloc           42%          3%          1
 Corona                   Hex            23%          3%          1
 Magic Dart               Conj           84%          3%          1
 Summon Small Mammal      Summ           84%          3%          1
 Mephitic Cloud           Conj/Pois/Air  43%          3%          3
 Animate Armour           Summ/Erth      100%         4%          4
 Leda's Liquefaction      Hex/Erth       28%          4%          4
 Irradiate                Conj/Tmut      33%          4%          5
 Yara's Violent Unravell  Hex/Tmut       33%          4%          5
 Blink                    Tloc           N/A          5%          2
 Call Imp                 Summ           21%          5%          2
 Corpse Rot               Necr/Air       N/A          5%          2
 Ensorcelled Hibernation  Hex/Ice        42%          5%          2
 Searing Ray              Conj           42%          5%          2
 Slow                     Hex            21%          5%          2
 Sublimation of Blood     Necr           10%          5%          2
 Conjure Flame            Conj/Fire      32%          5%          3
 Inner Flame              Hex/Fire       32%          5%          3
 Dragon Form              Tmut           46%          6%          7
 Confusing Touch          Hex            21%          11%         3
 Dazzling Flash           Conj/Hex       42%          11%         3
 Portal Projectile        Hex/Tloc       42%          11%         3
 Static Discharge         Conj/Air       21%          11%         3
 Summon Guardian Golem    Hex/Summ       21%          11%         3
 Tukima's Dance           Hex            21%          11%         3
 Bolt of Magma            Conj/Fire/Erth 26%          16%         5
 Sticky Flame             Conj/Fire      32%          19%         4
 Cause Fear               Hex            10%          34%         4
 Fulminant Prism          Conj/Hex       10%          34%         4
 Iskenderun's Mystic Bla  Conj/Tloc      21%          34%         4
 Summon Lightning Spire   Summ/Air       21%          34%         4
 Fireball                 Conj/Fire      16%          45%         5
 Iron Shot                Conj/Erth      28%          56%         6
 Metabolic Englaciation   Hex/Ice        10%          67%         5
 Silence                  Hex/Air        10%          67%         5
 Starburst                Conj/Fire      16%          96%         6
 Conjure Ball Lightning   Conj/Air       10%          99%         6
 Freezing Cloud           Conj/Ice/Air   10%          99%         6
 Simulacrum               Ice/Necr       10%          99%         6
 Malign Gateway           Summ/Tloc      10%          100%        7
 Orb of Destruction       Conj           10%          100%        7
 Ozocubu's Refrigeration  Ice            10%          100%        7
 Discord                  Hex            10%          100%        8
 Ignition                 Fire           21%          100%        8
 Shatter                  Erth           38%          100%        9


Dungeon Overview and Level Annotations

Branches:
Dungeon (15/15)            Temple (1/1) D:6            Lair (6/6) D:8
 Shoals (4/4) Lair:3        Snake (4/4) Lair:3        Slime (0/5) Lair:5
    Orc (2/2) D:11            Elf (3/3) Orc:2        Vaults (5/5) D:13
  Crypt (0/3) Vaults:2     Depths (1/5) D:15         Bailey (visited)

Altars:
Ashenzari
Cheibriados
Dithmenos
Elyvilon
Fedhas
Gozag
Hepliaklqana
Kikubaaqudgha
Makhleb
Nemelex Xobeh
Okawaru
Qazlal
Ru
Sif Muna
Trog
Uskayaw
Vehumet
Wu Jian
Xom
Yredelemnul
Zin
The Shining One
Beogh
Jiyva

Shops:
D:4 :   D:11 [   Orc:2 :(=[!   Elf:1 (   Elf:2 [[:   Elf:3 *   Snake:1 :==[
Snake:3 !?   Vaults:4 [[(   Vaults:5 [*


Innate Abilities, Weirdness & Mutations

You revert to your normal form in water.
You are very nimble and swift while swimming.
You are very stealthy in the water. (Stealth+)
You have sharp fingernails.
You are clumsy. (Dex -2)
Your body sometimes deteriorates upon taking damage.
You are dopey. (Int -2)


Message History

You hear a horrible gurgling sound!
You closely miss the rakshasa. You block the lich's attack.
GONNNNG!
You block the naga mage's attack.
PANG!
The ice dragon misses you. You block the ice dragon's attack.
BOUMMMMG!
You block the ice dragon's attack.
GONNNNG!
The rakshasa misses you.
You hear a deafening roar!
You hear a horrible gurgling sound!
You hit the rakshasa.
The rakshasa is lightly wounded.
You feel sick.
The lich touches you but does no damage.
The naga mage closely misses you.
You block the great orb of eyes's attack.
BOUMMMMG!
You block the slime creature's attack.
PANG!
You hear a horrible gurgling sound! x2
You closely miss the rakshasa.
The rakshasa is lightly wounded.
You block the lich's attack.
PTOANNNG!
The ice dragon bites you!
* * * LOW HITPOINT WARNING * * *
You block the ice dragon's attack.
GONNNNG!
The ice dragon tramples you!
* * * LOW HITPOINT WARNING * * *
You hold your ground!
The naga mage barely misses you.
The slime creature completely misses you.
You block the rakshasa's attack.
SHROANNG!
You impale the rakshasa!!
The rakshasa is moderately wounded.
You feel sick. The lich casts a spell at you. The crystal spear hits you!!!
You die...

..#.# ..#.#≈≈
...# #T #.#.#≈≈#
$..##.. #
#.#<##≈≈#.....#
#.#.#..#≈≈≈...†#
#......##≈.....#
###.....#≈§)..#
####JJ##)..#
#.@Gp).†# #
#RDLN.###...#
#)e)[[.).....
#..)).#⌠.....
.........'......
###+####.###...#
#.. ...# #...
... #.### ..


You could see an ice dragon (catching breath), a lich (fast, invisible), a deep
elf annihilator, a great orb of eyes, a rakshasa, 2 slime creatures, a wizard
(invisible) and a naga mage (fast).

Vanquished Creatures
  A dread lich (Vaults:4)
  Mara (Vaults:2)
  Vashnia (Snake:3)
  A golden dragon (Vaults:4)
  The ghost of Nybbakke the Tortoise, an adept MiFi of Gozag (Vaults:2)
  A bone dragon (Abyss:2)
  Rupert (Lair:6)
  A lich (Vaults:4)
  3 deep elf blademasters
  2 tentacled monstrosities (Vaults:5)
  2 deep elf master archers (Elf:3)
  3 titans (Vaults:5)
  2 sphinxes
  2 storm dragons
  3 tentacled starspawn
  Frances (Snake:1)
  Kirke (Lair:6)
  2 shadow dragons (Vaults:4)
  5 tengu reavers
  Roxanne (Elf:1)
  7 nagarajas
  4 frost giants
  3 fire giants
  Aizul (Snake:1)
  5 deep elf sorcerers
  12 vault wardens
  Louise (Snake:2)
  3 deep elf elementalists (Elf:3)
  2 very ugly things
  5 deep elf demonologists
  12 ironheart preservers
  10 stone giants
  Nessos (Lair:6)
  5 deep elf annihilators
  The ghost of Pupel the Blocker, a journeyman MiFi of Gozag (D:13)
  An entropy weaver (Vaults:2)
  A purple draconian (Abyss:2)
  2 spark wasps (Depths:1)
  9 merfolk javelineers
  11 ettins
  An eidolon (Vaults:2)
  12 deep elf death magi
  9 merfolk impalers
  Josephine (Shoals:1)
  6 fire dragons
  5 ice dragons
  8 yaktaur captains
  6 deep elf high priests
  5 hydras
  3 rakshasas
  24 naga warriors
  5 great orbs of eyes
  25 vault guards
  4 centaur warriors
  A merfolk avatar (Shoals:1)
  12 ogre magi
  2 merfolk aquamancers (Shoals:4)
  7 boulder beetles
  3 satyrs
  The ghost of PeterLawrence the Fighter, a novice MiFi of Okawaru (D:9)
  9 anacondas
  20 dancing weapons
  A tengu warrior (D:14)
  46 two-headed ogres
  3 death knights
  2 alligator snapping turtles (Shoals:4)
  A vampire mage (Depths:1)
  2 deep troll earth magi
  2 deep troll shamans
  3 orc high priests (Orc:2)
  18 deep elf knights
  11 naga sharpshooters
  4 thrashing horrors (Abyss:2)
  A shock serpent (shapeshifter) (Vaults:1)
  The ghost of emiel the Cleaver, a novice NaWn (D:8)
  A shock serpent (Snake:4)
  4 shadow wraiths
  3 wretched stars
  2 sixfirhies (Abyss:2)
  A skeletal warrior (Abyss:3)
  16 deep trolls
  2 salamander mystics (Snake:4)
  A deep troll (shapeshifter) (Vaults:4)
  10 naga ritualists
  12 sea snakes
  4 wizards
  2 lindwurms
  34 harpies
  2 flayed ghosts
  3 necromancers
  The ghost of DavidChitty2 the Cleaver, a novice HOAK of Lugonu (D:6)
  Pikel (D:4)
  21 deep elf archers
  37 deep elf zephyrmancers
  3 phantasmal warriors
  A sphinx zombie (Vaults:4)
  8 mana vipers
  14 ironbrand convokers
  5 wolf spiders
  19 orc knights
  26 deep elf pyromancers
  A wolf spider (shapeshifter) (Vaults:5)
  A faun (shapeshifter) (Vaults:5)
  7 orc sorcerers
  2 oklob plants
  11 fauns
  13 ugly things
  A manticore (shapeshifter) (D:15)
  2 stone giant zombies (Vaults:4)
  2 worldbinders (Abyss:2)
  9 cyclopes
  10 manticores
  2 human skeletons
  9 salamanders
  9 merfolk sirens
  6 guardian serpents
  25 naga magi
  27 black mambas
  3 water nymphs (Shoals:4)
  4 smoke demons
  An apocalypse crab (Abyss:2)
  17 cane toads
  3 kobold demonologists
  6 torpor snails (Lair:6)
  14 vault sentinels
  Maggie (D:8)
  8 large abominations
  11 komodo dragons
  An efreet (Abyss:2)
  3 rime drakes
  11 freezing wraiths
  35 yaktaurs
  4 ancient zymes (Abyss:2)
  A redback zombie (D:14)
  11 hornets
  10 trolls
  A queen bee (shapeshifter) (Vaults:1)
  A jumping spider (Vaults:2)
  A wind drake (shapeshifter) (D:15)
  10 polar bears
  The ghost of ma3 the Magician, a novice SpEE (D:4)
  34 merfolk
  4 tyrant leeches (Lair:6)
  Grinder (D:3)
  9 dream sheep
  39 blink frogs
  A blink frog (shapeshifter) (D:13)
  5 wind drakes
  6 snapping turtles
  8 raiju
  4 slime creatures (D:13)
  A snapping turtle (shapeshifter) (Vaults:3)
  A meliai zombie (D:12)
  Sigmund (D:3)
  5 wyverns
  2 shadows
  6 water elementals
  17 wraiths
  A vampire (D:15)
  4 small abominations
  3 ynoxinuls (Abyss:2)
  3 fire elementals
  5 hogs (Lair:6)
  A human (shapeshifter) (Vaults:3)
  3 basilisks
  3 neqoxecs
  41 yaks
  A human simulacrum (Vaults:2)
  2 swamp worms (shapeshifter)
  A yaktaur simulacrum (Vaults:1)
  6 chaos spawn
  15 water moccasins
  54 nagas
  A spatial vortex (Abyss:2)
  An acid dragon (shapeshifter) (Vaults:2)
  9 wargs
  A soldier ant (shapeshifter) (Vaults:1)
  12 hell hounds (Lair:6)
  3 acid dragons
  A floating eye (shapeshifter) (Vaults:5)
  4 sky beasts
  8 ice beasts
  An orc zombie (Vaults:2)
  15 black bears
  4 eyes of draining
  47 orc warriors
  19 centaurs
  30 ogres
  A necrophage (D:11)
  An ogre (shapeshifter) (Vaults:1)
  8 boggarts
  21 wolves
  4 lemures (D:4)
  5 phantoms
  4 earth elementals
  16 bullfrogs
  An ogre simulacrum (Vaults:1)
  A wyvern skeleton (D:10)
  A water moccasin skeleton (D:7)
  9 scorpions
  4 killer bees
  6 electric eels
  3 wights (D:8)
  4 howler monkeys
  3 lava snakes (Snake:1)
  33 starcursed masses
  A bullfrog zombie (D:9)
  6 quasits
  A wyvern simulacrum (D:8)
  2 centaur skeletons
  17 orc priests
  A bullfrog skeleton (D:13)
  2 jellies (D:9)
  14 hounds
  Crazy Yiuf (D:2)
  3 iron imps (Abyss:2)
  4 iguanas
  5 hell rats (Lair:6)
  24 orc wizards
  7 worker ants
  3 centaur simulacra
  A bullfrog simulacrum (D:4)
  A hound zombie (D:10)
  A hound skeleton (D:4)
  2 worker ant zombies
  5 gnolls
  14 adders
  A hound simulacrum (D:4)
  3 shadow imps
  2 white imps
  A worker ant simulacrum (D:4)
  7 ufetubi
  3 adder skeletons
  An adder zombie (D:8)
  3 worms
  3 dart slugs
  An adder simulacrum (D:4)
  5 leopard geckos
  86 orcs
  5 giant cockroaches
  12 goblins
  5 hobgoblins
  4 jackals (D:1)
  3 quokkas
  3 ball pythons
  5 bats
  4 frilled lizards
  22 kobolds
  A leopard gecko simulacrum (D:4)
  8 rats
1794 creatures vanquished.

Vanquished Creatures (others)
  A titan (Vaults:5)
  A fire giant (Vaults:5)
  3 vault wardens
  A deep elf sorcerer (Vaults:5)
  A frost giant (Depths:1)
  4 stone giants
  4 very ugly things (Vaults:5)
  A ghoul (Vaults:2)
  10 ironheart preservers
  2 deep elf death magi
  3 vault guards (Vaults:5)
  A death knight (Vaults:2)
  A naga warrior (Snake:4)
  A centaur warrior (Vaults:3)
  3 ogre magi
  8 two-headed ogres
  A deep troll shaman (Vaults:5)
  2 deep troll earth magi
  2 deep elf knights
  A skeletal warrior (Vaults:2)
  9 deep trolls
  A deep elf archer (Vaults:4)
  3 ironbrand convokers
  A harpy (Shoals:3)
  2 necromancers
  An orc sorcerer (Vaults:2)
  5 deep elf pyromancers
  3 deep elf zephyrmancers
  An orc knight (Vaults:2)
  2 ugly things (Vaults:5)
  A salamander (Snake:4)
  3 vault sentinels
  7 yaktaurs
  A yaktaur zombie (Vaults:2)
  A merfolk (shapeshifter) (Vaults:5)
  A polar bear (shapeshifter) (Vaults:4)
  A warg (Vaults:2)
  A naga (Snake:4)
  An acid dragon (Vaults:1)
  An orc warrior (Vaults:2)
  6 ogres
  3 orcs (Vaults:2)
  37 fungi
  87 plants
  6 starspawn tentacles
236 creatures vanquished.

Grand Total: 2030 creatures vanquished

Notes
Turn   | Place    | Note
-------+----------+-------------------------------------------
     0 | D:1      | wakim the Merfolk Venom Mage began the quest for the Orb.
     0 | D:1      | Reached XP level 1. HP: 13/13 MP: 3/3
    10 | D:1      | Noticed an electric eel
   253 | D:1      | Reached XP level 2. HP: 10/19 MP: 4/5
   476 | D:1      | Learned a level 2 spell: Poisonous Vapours
  1209 | D:2      | Reached XP level 3. HP: 24/24 MP: 6/6
  1284 | D:2      | Found a runed translucent door.
  1285 | D:2      | Noticed Crazy Yiuf
  1866 | D:2      | Reached skill level 1 in Shields
  2079 | D:2      | Reached XP level 4. HP: 30/30 MP: 7/7
  2362 | D:2      | Learned a level 4 spell: Olgreb's Toxic Radiance
  2543 | D:3      | Noticed Grinder
  3263 | D:3      | Reached XP level 5. HP: 30/35 MP: 9/9
  3270 | D:3      | Reached skill level 5 in Poison Magic
  3936 | D:3      | Noticed Sigmund
  3979 | D:2      | Learned a level 3 spell: Ignite Poison
  4738 | D:3      | Killed Sigmund
  4739 | D:3      | Reached XP level 6. HP: 39/41 MP: 7/11
  4899 | D:4      | Noticed Pikel
  4905 | D:4      | Killed Pikel
  4906 | D:4      | Reached XP level 7. HP: 50/50 MP: 7/13
  4916 | D:4      | Reached XP level 8. HP: 54/56 MP: 7/14
  5160 | D:4      | Found Zacyviqe's Book Emporium.
  5218 | D:4      | Found a runed translucent gate.
  5218 | D:4      | Found a runed translucent gate.
  5218 | D:4      | Found a runed translucent gate.
  5612 | D:4      | Reached skill level 1 in Fire Magic
  6057 | D:4      | Noticed ma3's ghost (novice SpEE)
  6113 | D:5      | Entered Level 5 of the Dungeon
  7415 | D:6      | Reached skill level 5 in Dodging
  7419 | D:6      | Reached XP level 9. HP: 54/64 MP: 16/16
  7599 | D:6      | Found a staircase to the Ecumenical Temple.
  7608 | Temple   | Entered the Ecumenical Temple
  7884 | D:6      | Found a glowing silver altar of Zin.
  7977 | D:6      | Reached skill level 5 in Spellcasting
  8290 | D:6      | Found a runed translucent gate.
  8290 | D:6      | Found a runed translucent gate.
  8290 | D:6      | Found a runed translucent gate.
  8290 | D:6      | Noticed DavidChitty2's ghost (novice HOAK)
  8330 | D:6      | Found a snail-covered altar of Cheibriados.
  8552 | D:6      | Found a broken altar of Ashenzari.
  8552 | D:6      | Found a radiant altar of Vehumet.
  8763 | D:7      | Reached skill level 1 in Polearms
  8962 | D:7      | Found a burning altar of Makhleb.
  9786 | D:6      | Found a basalt altar of Yredelemnul.
  9786 | D:6      | Found a glowing golden altar of the Shining One.
  9791 | D:6      | Became a worshipper of Cheibriados the Contemplative
 10052 | D:2      | Paralysed by Crazy Yiuf for 3 turns
 10056 | D:2      | Killed Crazy Yiuf
 10334 | D:3      | Paralysed by Grinder for 6 turns
 10343 | D:3      | Killed Grinder
 10344 | D:3      | Reached skill level 5 in Polearms
 10344 | D:3      | Reached skill level 5 in Stealth
 10585 | D:4      | Killed ma3's ghost
 10849 | D:8      | Found a staircase to the Lair.
 10902 | D:8      | Found a flagged portal.
 10940 | Bailey   | Entered a bailey
 10973 | Bailey   | Reached * piety under Cheibriados
 10988 | Bailey   | Reached XP level 10. HP: 71/73 MP: 14/17
 10994 | Bailey   | Identified the +9 mace "Eptoxiug" {vorpal, Will+}
 10995 | Bailey   | Reached skill level 5 in Fighting
 11146 | Bailey   | Reached skill level 1 in Invocations
 11391 | Bailey   | Got a transparent scale mail
 11402 | Bailey   | Identified the +5 scale mail of the Kraken {rC+ rCorr MP+9
                  | Dex-5} (You found it in a bailey)
 11470 | D:8      | Found a transporter.
 11473 | D:8      | Noticed emiel's ghost (novice NaWn)
 11482 | D:8      | Noticed an oklob plant
 11511 | D:8      | Found a transporter.
 11523 | D:8      | Reached ** piety under Cheibriados
 11658 | D:8      | Noticed Maggie
 11672 | D:8      | Killed Maggie
 11817 | D:8      | Found a hazy altar of Hepliaklqana.
 11818 | D:8      | Found a shimmering altar of Xom.
 11819 | D:8      | Noticed a spectral ugly thing
 12297 | D:8      | Reached skill level 1 in Armour
 12736 | D:8      | Reached *** piety under Cheibriados
 13068 | D:9      | Noticed a two-headed ogre
 13072 | D:9      | Killed a two-headed ogre
 13073 | D:9      | Reached skill level 5 in Shields
 13073 | D:9      | Reached XP level 11. HP: 81/81 MP: 19/19
 13193 | D:9      | Found a transporter.
 13193 | D:9      | Noticed PeterLawrence's ghost (novice MiFi)
 13325 | D:9      | Found a transporter.
 13511 | D:10     | Entered Level 10 of the Dungeon
 13533 | D:10     | Found a blossoming altar of Fedhas.
 13656 | D:10     | Found the +7 mace of Variability {chain chaos}
 13660 | D:10     | Found a shimmering altar of Xom.
 13926 | D:10     | Reached **** piety under Cheibriados
 14260 | D:11     | Reached skill level 5 in Invocations
 14368 | D:11     | Found Unwaetau's Antique Armour Boutique.
 14478 | D:11     | Noticed a two-headed ogre
 14484 | D:11     | Killed a two-headed ogre
 14672 | D:11     | Reached ***** piety under Cheibriados
 14706 | D:11     | Noticed a cyclops
 14710 | D:11     | Killed a cyclops
 14747 | D:11     | Noticed a boulder beetle
 14751 | D:11     | Killed a boulder beetle
 14962 | D:11     | Found a staircase to the Orcish Mines.
 15260 | Orc:1    | Entered Level 1 of the Orcish Mines
 15441 | Orc:2    | Entered Level 2 of the Orcish Mines
 15594 | Orc:1    | Noticed an orc knight
 15621 | Orc:2    | Found Vompitt's Distillery.
 15646 | Orc:1    | Noticed an orc sorcerer
 15650 | Orc:1    | Killed an orc sorcerer
 15651 | Orc:1    | Reached XP level 12. HP: 71/89 MP: 21/21
 15951 | Orc:1    | You fall into a shaft and drop 1 floor!
 16279 | Orc:2    | Found a staircase to the Elven Halls.
 16664 | Orc:2    | Noticed an orc high priest
 16668 | Orc:2    | Killed an orc high priest
 16668 | Orc:2    | Noticed an orc high priest
 16669 | Orc:2    | Reached skill level 5 in Transmutations
 16669 | Orc:2    | Noticed an orc high priest
 16672 | Orc:2    | Killed an orc high priest
 16672 | Orc:2    | Reached ****** piety under Cheibriados
 16684 | Orc:2    | Killed an orc high priest
 16770 | Orc:2    | Reached skill level 10 in Polearms
 17044 | Orc:2    | Found Uzotoo Hiomn's Armour Shoppe.
 17044 | Orc:2    | Found Ydapukk's Jewellery Shoppe.
 17045 | Orc:2    | Found Faj Toshamef's Antique Weapon Boutique.
 17045 | Orc:2    | Found Koixkuf's Book Boutique.
 17213 | Lair:1   | Entered Level 1 of the Lair of Beasts
 17272 | Lair:1   | Found an opulent altar of Gozag.
 17597 | Lair:1   | Reached XP level 13. HP: 84/98 MP: 23/23
 18059 | Lair:2   | Got a slimy brass amulet
 18065 | Lair:2   | Identified the amulet of Sipnavi {Acrobat rN+ Will- Int+5}
                  | (You found it on level 2 of the Lair of Beasts)
 18203 | Lair:2   | Reached skill level 1 in Earth Magic
 18338 | Lair:2   | You fall into a shaft and drop 2 floors!
 20443 | Lair:3   | Found a staircase to the Snake Pit.
 20507 | Lair:3   | Found a staircase to the Shoals.
 21567 | Lair:5   | Found a viscous altar of Jiyva.
 21567 | Lair:5   | Found a staircase to the Slime Pits.
 21950 | Lair:5   | Reached XP level 14. HP: 106/106 MP: 25/25
 22408 | Lair:5   | Learned a level 6 spell: Statue Form
 22891 | Lair:6   | Entered Level 6 of the Lair of Beasts
 23048 | Lair:6   | Noticed Kirke
 23079 | Lair:6   | Noticed a sphinx
 23102 | Lair:6   | Reached skill level 10 in Transmutations
 23102 | Lair:6   | Noticed Nessos
 23110 | Lair:6   | Killed Nessos
 23388 | Lair:6   | Killed Kirke
 23573 | Lair:6   | Reached skill level 10 in Dodging
 23596 | Lair:6   | Noticed Rupert
 23609 | Lair:6   | Killed Rupert
 23610 | Lair:6   | Reached skill level 5 in Armour
 23736 | Lair:6   | Found a runed translucent door.
 23850 | Lair:6   | Reached XP level 15. HP: 113/113 MP: 24/26
 25117 | D:6      | Killed DavidChitty2's ghost
 25208 | D:8      | Killed emiel's ghost
 25212 | D:8      | Reached skill level 5 in Earth Magic
 25672 | D:11     | Bought a jewelled tower shield for 323 gold pieces
 25682 | D:11     | Identified the +3 tower shield "Ecvitzan" {+Inv rF+ rN+
                  | Will-} (You bought it in a shop on level 11 of the Dungeon)
 26044 | D:9      | Gained mutation: You are dopey. (Int -2) [a neqoxec]
 26047 | D:9      | Gained mutation: Your body sometimes deteriorates upon
                  | taking damage. [a neqoxec]
 26048 | D:9      | Killed PeterLawrence's ghost
 26049 | D:9      | Gained mutation: You are clumsy. (Dex -2) [a neqoxec]
 26255 | D:12     | Found a roughly hewn altar of Beogh.
 26897 | D:13     | Gained mutation: You have sharp fingernails. [mutagenic
                  | glow]
 26974 | D:13     | Reached skill level 10 in Invocations
 27234 | D:13     | Reached skill level 10 in Stealth
 27309 | D:13     | Found a runed translucent gate.
 27310 | D:13     | Found a runed translucent gate.
 27310 | D:13     | Found a runed translucent gate.
 27312 | D:13     | Noticed Pupel's ghost (journeyman MiFi)
 27334 | D:13     | Killed Pupel's ghost
 27471 | D:13     | Cast into level 3 of the Abyss (a wizard)
 27481 | Abyss:3  | Noticed a tentacled starspawn
 27493 | Abyss:3  | Killed a tentacled starspawn
 27513 | Abyss:3  | Found a corrupted altar of Lugonu.
 27597 | Abyss:3  | Paralysed by accursed screaming for 1 turns
 27599 | Abyss:3  | Paralysed by accursed screaming for 1 turns
 27604 | Abyss:3  | Paralysed by accursed screaming for 2 turns
 27979 | D:13     | Escaped the Abyss
 28215 | D:13     | Found a gate to the Vaults.
 28378 | Elf:1    | Entered Level 1 of the Elven Halls
 28394 | Elf:1    | Reached XP level 16. HP: 122/122 MP: 28/28
 28633 | Elf:1    | Reached skill level 10 in Fighting
 29243 | Elf:1    | Noticed a Hell Sentinel
 29248 | Elf:1    | Found Achebb's Weapon Boutique.
 29579 | Elf:1    | Noticed Roxanne
 29751 | Elf:1    | Killed Roxanne
 30019 | Elf:2    | Found a flickering gateway to a bazaar.
 30074 | Elf:2    | Found Faav's Armour Shoppe.
 30076 | Elf:2    | Found Vuih's Armour Emporium.
 30078 | Elf:2    | Found Uhahiu's Book Shoppe.
 30096 | Elf:2    | Bought a +1 kite shield of reflection for 229 gold pieces
 30179 | Elf:2    | Reached skill level 10 in Shields
 30201 | Elf:2    | Found a huge runed translucent gate.
 30201 | Elf:2    | Found a huge runed translucent gate.
 30201 | Elf:2    | Found a huge runed translucent gate.
 30207 | Elf:2    | Found a huge runed translucent gate.
 30207 | Elf:2    | Found a huge runed translucent gate.
 30418 | Elf:2    | Cast into level 2 of the Abyss (a deep elf sorcerer)
 30525 | Abyss:2  | Noticed a tentacled starspawn
 30536 | Abyss:2  | Killed a tentacled starspawn
 30669 | Abyss:2  | Paralysed by a great orb of eyes for 3 turns
 30737 | Abyss:2  | Noticed a bone dragon
 31015 | Abyss:2  | Noticed a bone dragon
 31061 | Abyss:2  | Killed a bone dragon
 31062 | Abyss:2  | Reached XP level 17. HP: 45/91 MP: 30/30
 31071 | Elf:2    | Escaped the Abyss
 31827 | Elf:2    | Noticed a deep elf blademaster
 31841 | Elf:2    | Killed a deep elf blademaster
 31865 | Elf:2    | Cast into level 4 of the Abyss (+2 bardiche of distortion)
 31877 | Elf:2    | Escaped the Abyss
 33122 | Elf:2    | Upgraded the game from 0.27-a0-343-gfcad680f63 to
                  | 0.27-a0-346-ga689d4a613
 33123 | Elf:3    | Entered Level 3 of the Elven Halls
 33220 | Elf:3    | Found Vuerriaps's General Store.
 33793 | Elf:3    | Cast into level 2 of the Abyss (a deep elf sorcerer)
 33880 | Abyss:2  | Got a transparent zirconium amulet
 34105 | Abyss:2  | Noticed a lich
 34139 | Abyss:2  | Paralysed by accursed screaming for 1 turns
 34145 | Abyss:2  | Paralysed by accursed screaming for 1 turns
 34212 | Abyss:2  | Noticed a tentacled starspawn
 34220 | Abyss:2  | Killed a tentacled starspawn
 34254 | Elf:3    | Escaped the Abyss
 34258 | Elf:3    | Reached skill level 15 in Polearms
 34258 | Elf:3    | Noticed a Brimstone Fiend
 34258 | Elf:3    | Noticed a Brimstone Fiend
 34259 | Elf:3    | Reached XP level 18. HP: 110/139 MP: 26/31
 34259 | Elf:3    | Noticed an Ice Fiend
 34532 | Elf:3    | Noticed a deep elf blademaster
 34537 | Elf:3    | Noticed a deep elf master archer
 34543 | Elf:3    | Killed a deep elf blademaster
 34546 | Elf:3    | Killed a deep elf master archer
 34553 | Elf:3    | Killed a ghostly deep elf master archer
 34635 | Elf:3    | Identified the amulet "Uleablea" {Spirit rN+ Will+ Str-3
                  | Int+3} (You found it on level 2 of the Abyss)
 34691 | Elf:3    | Identified a scroll of acquirement
 34691 | Elf:3    | Acquired the ring of Jazich {rF+ rCorr Str+4}
 34744 | Elf:3    | Noticed a deep elf master archer
 34745 | Elf:3    | Noticed a deep elf blademaster
 34764 | Elf:3    | Killed a deep elf master archer
 34786 | Elf:3    | Killed a deep elf blademaster
 34796 | Elf:3    | Killed a ghostly deep elf blademaster
 34801 | Elf:3    | Killed a ghostly deep elf master archer
 35244 | Elf:3    | Identified the Volume of Lethal Clay
 35647 | Shoals:1 | Entered Level 1 of the Shoals
 35826 | Shoals:1 | Noticed Josephine
 35833 | Shoals:1 | Killed Josephine
 36801 | Elf:2    | Bought a +1 helmet of see invisible for 280 gold pieces
 37337 | Shoals:2 | Identified Jynunkuv's Incunabulum of Air
 37497 | Shoals:2 | You fall into a shaft and drop 1 floor!
 38410 | Shoals:4 | Entered Level 4 of the Shoals
 38419 | Shoals:4 | Reached XP level 19. HP: 146/146 MP: 32/32
 39912 | Shoals:4 | Reached skill level 10 in Spellcasting
 39932 | Shoals:4 | Got a barnacled rune of Zot
 40323 | Snake:1  | Entered Level 1 of the Snake Pit
 40331 | Snake:1  | Found Zupalip's Armour Boutique.
 40339 | Snake:1  | Bought the +18 shield of the Gong {rElec rN+ Will+ EV-5}
                  | for 1167 gold pieces
 40339 | Snake:1  | Found the +18 shield of the Gong {rElec rN+ Will+ EV-5}
 40400 | Snake:1  | Noticed Frances
 40407 | Snake:1  | Killed Frances
 40418 | Snake:1  | Reached skill level 10 in Earth Magic
 40419 | Snake:1  | Noticed Aizul
 40435 | Snake:1  | Killed Aizul
 41110 | Snake:1  | Found Ycaaste Qyat's Book Emporium.
 41111 | Snake:1  | Found Vyxy's Jewellery Boutique.
 41111 | Snake:1  | Found Giewas's Jewellery Boutique.
 41421 | Snake:2  | Reached skill level 15 in Transmutations
 41586 | Snake:2  | Noticed Louise
 41601 | Snake:2  | Killed Louise
 42982 | Snake:3  | Noticed Vashnia
 42992 | Snake:3  | Reached XP level 20. HP: 142/156 MP: 29/34
 43270 | Snake:3  | Killed Vashnia
 43678 | Snake:3  | Found Geuliweh's Distillery.
 43777 | Snake:3  | Found Osarchia's Magic Scroll Shoppe.
 44173 | Snake:4  | Entered Level 4 of the Snake Pit
 44980 | Snake:4  | Got a serpentine rune of Zot
 45545 | Vaults:1 | Entered Level 1 of the Vaults
 46147 | D:14     | You fall into a shaft and drop 1 floor!
 46147 | D:15     | Entered Level 15 of the Dungeon
 46240 | D:15     | Reached skill level 15 in Shields
 46458 | D:15     | Found a staircase to the Depths.
 47176 | Vaults:1 | Reached XP level 21. HP: 146/166 MP: 35/35
 47285 | Vaults:1 | Reached skill level 15 in Dodging
 47304 | Vaults:1 | Reached skill level 15 in Fighting
 47659 | Vaults:1 | Reached skill level 1 in Throwing
 48045 | Vaults:1 | Learned a level 5 spell: Alistair's Intoxication
 48052 | Vaults:1 | Learned a level 6 spell: Eringya's Noxious Bog
 48787 | Vaults:2 | Found a runed translucent gate.
 48788 | Vaults:2 | Found a runed translucent gate.
 48789 | Vaults:2 | Found a runed translucent gate.
 48794 | Vaults:2 | Noticed Nybbakke's ghost (adept MiFi)
 48851 | Vaults:2 | Killed Nybbakke's ghost
 48873 | Vaults:2 | Noticed Mara
 48894 | Vaults:2 | Reached skill level 5 in Throwing
 48918 | Vaults:2 | Noticed wakim's illusion
 48948 | Vaults:2 | Reached XP level 22. HP: 33/177 MP: 2/36
 49596 | Vaults:2 | Identified the +6 morningstar of the Piercing King {flame,
                  | rF+ Dex+3}
 49608 | Vaults:2 | Noticed wakim's illusion
 49610 | Vaults:2 | Killed Mara
 49771 | Vaults:2 | Found a staircase to the Crypt.
 49905 | Vaults:2 | You fall into a shaft and drop 2 floors!
 50700 | Vaults:4 | Found Gozag's Antique Armour Emporium.
 50705 | Vaults:4 | Found an opulent altar of Gozag.
 50705 | Vaults:4 | Found Gozag's Antique Weapon Shoppe.
 50709 | Vaults:4 | Bought a pair of runed gloves for 750 gold pieces
 50714 | Vaults:4 | Found Gozag's Antique Armour Shoppe.
 50914 | Vaults:4 | Bought a dazzling leather armour for 700 gold pieces
 50924 | Vaults:4 | Identified the +2 leather armour of the Nightingale {rN+
                  | MP+9 Slay-5} (You bought it in a shop on level 4 of the
                  | Vaults)
 50951 | Vaults:4 | Bought a pitted tower shield for 950 gold pieces
 50961 | Vaults:4 | Identified the +4 tower shield "Zoivejeh" {Rampage} (You
                  | bought it in a shop on level 4 of the Vaults)
 51385 | Vaults:4 | Acquired 677 gold pieces
 51797 | Vaults:3 | Found an opulent altar of Gozag.
 51896 | Vaults:3 | Found the +3 giant club "Skullcrusher" {speed, Str+7}
 52552 | Vaults:3 | Reached XP level 23. HP: 186/186 MP: 38/38
 52576 | Vaults:3 | Identified the +3 hunting sling of Tension {freeze, rElec}
 53340 | Vaults:5 | Entered Level 5 of the Vaults
 53378 | Vaults:5 | Noticed a dread lich
 53432 | Vaults:5 | Noticed a golden dragon
 53690 | Vaults:4 | Killed a dread lich
 53716 | Vaults:4 | Killed a golden dragon
 54147 | Vaults:5 | Identified the +1 chain mail "Zudoubix" {-Cast rC+ Str+2
                  | Stlth+}
 54565 | Vaults:5 | Found Tintag's Assorted Antiques.
 54666 | Vaults:5 | Got a transparent scale mail
 54693 | Vaults:5 | Identified the +1 scale mail of the Mantidfly {-Cast rC+
                  | Str+3} (You found it on level 5 of the Vaults)
 54706 | Vaults:5 | Identified the Papyrus of the Supportive Traveller
 54869 | Vaults:5 | Reached skill level 10 in Throwing
 55163 | Vaults:5 | Found Wadacs's Armour Shop.
 55194 | Vaults:5 | Bought the +1 scale mail of the Dragon {+Blink +Inv Regen+}
                  | for 630 gold pieces
 55385 | Vaults:5 | Got a silver rune of Zot
 55642 | Depths:1 | Entered Level 1 of the Depths
 55699 | Depths:1 | Reached XP level 24. HP: 183/197 MP: 18/38
 55772 | Depths:1 | Reached skill level 15 in Invocations
 55791 | Depths:1 | Killed from afar by a lich

Illustrated notes

Levels and vault maps discovered:
D:1:      arrival_aquarium_a, layout_loops_corners
D:2:      layout_loops_ring, kennysheep_nondescript, serial_park_tiny_pond,
          minmay_ruptured, uniq_crazy_yiuf_cottage
D:3:      layout_loops_cross, uniq_sigmund, uniq_grinder
D:4:      layout_layer_cave, serial_shops, shop, gammafunk_ghost_icy, uniq_pikel
D:5:      layout_basic
D:6:      layout_loops_corners, old_standard_altar,
          nicolae_overflow_hidden_temple, minmay_temple_entry_grid,
          ebering_ghost_rock_garden, chequers_serial_rivers_micro_e
D:7:      layout_loops_ring, bloody_makhleb
D:8:      layout_gridville, regret_index_temple_of_mockery, lair_entry_dummy,
          enter_bailey_2, nzn_ghost_randoct, serial_ice, serial_ice_m,
          serial_ice_e, serial_ice_k, serial_ice_c, hangedman_decor_riveting,
          uniq_maggie
D:9:      layout_roguey, gammafunk_ghost_stat_death
D:10:     layout_irregular_city, basic_altar, serial_column_ruins,
          column_ruins_hut_water, column_ruins_hut, column_ruins_open_tiny,
          column_ruins_corridor_straight, column_ruins_columns_straight,
          column_ruins_grid_3, column_ruins_open_small, column_ruins_grid_3,
          minmay_guarded_unrand_variability
D:11:     layout_basic, orc_0_dummy, serial_shops,
          nicolae_shop_temple_entry_statues_fountains
D:12:     layout_roguey [special_room_orc], hangedman_abyss_or_decor_lesser_grid
D:13:     layout_rooms, david_vaults_1, ebering_ghost_rock_garden
D:14:     layout_roguey, serial_rivers, chequers_serial_rivers_micro_a,
          chequers_serial_rivers_small_a, chequers_serial_rivers_small_a,
          chequers_serial_rivers_micro_e, chequers_serial_rivers_small_3
D:15:     hangedman_depths_entry_civil_slaughter, layout_basic,
          gauntlet_entry_generic, serial_park_fountain
Temple:   oiseaux_autumnal_temple
Lair:1:   layout_chaotic_city, basic_altar
Lair:2:   layout_cave_pods, serial_bayou, serial_bayou_pond_d,
          serial_bayou_lake_a, serial_bayou_pond_a, serial_bayou_lagoon_a
Lair:3:   layout_small_grid, elwin_shoals_entry_rocks,
          minmay_snake_entry_guardpost_medium, beast_lair_carwin_4,
          lemuel_fruit_fields
Lair:4:   layout_cave_pods
Lair:5:   layout_roguey, slime_altar_1
Lair:6:   hangedman_lair_caniforms_friends, layout_regular_city, wormcave,
          minmay_lair_oklob_items, serial_bayou_shore_a, grunt_megastairs_2,
          infiniplex_staircase_pool_2, uniq_nessos, uniq_kirke, uniq_rupert
Shoals:1: layout_shoals, nicolae_shoals_flooded_hall, uniq_josephine
Shoals:2: cheibrodos_shoals_satyrical_garden, layout_shoals
Shoals:3: layout_shoals
Shoals:4: shoals_end_grunt_ice, layout_shoals, hangedman_shoals_cup_caves
Snake:1:  layout_chambers, serial_shops, nicolae_shop_crystal,
          nicolae_snake_lava_pool, minmay_shop_grove, lemuel_fruit_tree,
          uniq_frances, uniq_aizul
Snake:2:  layout_chambers, chequers_hall_statues_corner_a, grunt_ministairs_10,
          hangedman_snake_sidewinding, uniq_louise
Snake:3:  layout_misc_corridors, serial_shops, shop, nicolae_shop_behind_doors,
          guppyfry_snake_island, uniq_vashnia
Snake:4:  snake_pit, layout_gridlike
Orc:1:    layout_caves
Orc:2:    st_orc_elflike, layout_caves, serial_shops, shop, nicolae_orc_rockfall
Elf:1:    elf_arrival_001, layout_loops_corners, serial_shops,
          nicolae_shop_crystal, hangedman_elf_disciples, uniq_roxanne
Elf:2:    layout_gridlike, serial_shops, bzr_entry_islet, minmay_shop_star,
          lemuel_elevator
Elf:3:    elf_hall_gauntlet_narrow, layout_loops_cross, serial_shops,
          shop_statue, serial_sigils, serial_sigils_hangedman_gnaw,
          serial_sigils_hangedman_carve, serial_sigils_hangedman_gut,
          serial_sigils_hangedman_stare
Vaults:1: vaults_dpeg_ring, v_misc_18, vaults_standard_mumra_enter_the_diamond,
          grunt_vaults_hallway_long, v_misc_2, vaults_room_grid,
          vaults_room_stairs_pillars, ontoclasm_vaults_pinch,
          nicolae_vaults_rhombus_5, ontoclasm_vaults_gallery,
          vaults_standard_mumra_lines, hangedman_vaults_unwind,
          vaults_room_grunt_arrival_ludios, layout_vaults_omnicross
Vaults:2: gammafunk_vaults_ghost_split, minmay_crypt_entry_simple_round,
          v_alt_pattern_2, nicolae_vaults_little_ls,
          nicolae_vaults_angled_halls, ontoclasm_vaults_spin,
          hangedman_vaults_nails, vaults_dpeg_spiral,
          hangedman_vaults_variations, hangedman_vaults_capsules,
          st_spiral_rooms, vaults_room_grid,
          vaults_standard_mumra_enter_the_diamond, hangedman_vaults_impose,
          layout_vaults_maze_snakey, uniq_mara
Vaults:3: v_misc_29, v_pattern_5, hangedman_vaults_nails,
          nicolae_vaults_network_square, v_misc_4, hangedman_vaults_slice,
          layout_vaults_omnigrid, basic_altar
Vaults:4: hangedman_vaults_stream, hangedman_vaults_maws,
          nicolae_vaults_network_periphery, vaults_room_hallway,
          nicolae_vaults_ring_of_whatevers, kennysheep_vaults_gozag_temple,
          ontoclasm_vaults_ligature, grunt_vaults_twisty,
          nicolae_vaults_alarming, vaults_room_octagon, vaults_room_fours,
          layout_vaults_big_room, serial_glass
Vaults:5: uniq_margery
Depths:1: layout_basic, ashenzari_altar_1, hell_entry, serial_shops, shop,
          minmay_misc_feat_diagonals, minmay_fountain_box,
          chequers_serial_rivers_large_b, grunt_absolute_annihilation,
          serial_bayou_shore_b, grunt_megastairs_5, serial_bayou_shore_b

Skill      XL: |  1  2  3  4  5  6  7  8  9 10 11 12 13 14 15 16 17 18 19 20 21 22 23 24 |
---------------+-------------------------------------------------------------------------+-----
Poison Magic   | 4 5 7 8 9 |  9.0
Shields        | 1 2 3 4 5 6 7 8 10 11 12 13 15 | 15.0
Spellcasting   | 3 4 5 6 7 8 9 10 11 | 11.7
Fighting       | 2 3 4 5 6 7 8 9 10 11 12 13 14 15 16 17 | 17.9
Dodging        | 3 5 6 8 10 11 12 13 14 15 16 17 | 17.0
Transmutations | 2 3 7 9 10 11 12 13 15 | 15.0
Fire Magic     | 1 2 3 |  3.0
Stealth        | 3 5 6 7 8 9 10 11 12 13 | 13.1
Polearms       | 6 8 9 10 11 13 14 15 | 15.5
Invocations    | 4 6 8 9 10 11 12 13 14 15 | 15.0
Armour         | 1 2 3 4 5 7 8 9 |  9.9
Earth Magic    | 3 4 5 6 7 9 10 | 10.0
Throwing       | 5 8 10 | 10.3

Action                   |  1- 3 |  4- 6 |  7- 9 | 10-12 | 13-15 | 16-18 | 19-21 | 22-24 || total
-------------------------+-------+-------+-------+-------+-------+-------+-------+-------++-------
Melee: Dagger            |    22 |       |       |       |       |       |       |       ||    22
       Whip              |       |    35 |       |       |       |       |       |       ||    35
       Mace              |       |     9 |    81 |     3 |       |       |       |       ||    93
       Trident           |       |       |    90 |   246 |   842 |   912 |   313 |   166 ||  2569
       Tailslap          |       |       |       |       |     5 |     6 |       |       ||    11
       Unarmed           |       |       |       |       |     1 |       |       |       ||     1
       Demon trident     |       |       |       |       |       |   137 |  1246 |   724 ||  2107
 Fire: Hunting sling     |       |     9 |     2 |       |       |       |       |       ||    11
Throw: Boomerang         |       |       |       |       |    32 |     8 |     2 |       ||    42
 Cast: Sting             |    11 |       |    16 |    24 |     3 |       |       |       ||    54
       Poisonous Vapours |    35 |    20 |    55 |    39 |    13 |     3 |       |    19 ||   184
       Olgreb's Toxic Ra |       |     8 |    16 |    91 |   104 |   130 |    56 |    17 ||   422
       Ignite Poison     |       |     3 |    19 |    88 |    83 |    77 |    74 |    51 ||   395
       Statue Form       |       |       |       |       |    51 |    99 |    85 |    50 ||   285
       Eringya's Noxious |       |       |       |       |       |       |     5 |    35 ||    40
       Alistair's Intoxi |       |       |       |       |       |       |     2 |       ||     2
Invok: Slouch            |       |       |       |       |     5 |     4 |     3 |       ||    12
       Step From Time    |       |       |       |       |     2 |     1 |       |     1 ||     4
  Use: Scroll            |       |       |    11 |     9 |     7 |    14 |     8 |     6 ||    55
       Potion            |       |       |       |     2 |     7 |     4 |     2 |     4 ||    19
 Stab: Sleeping          |     2 |       |     7 |     7 |     6 |    16 |     3 |       ||    41
       Distracted        |       |       |     1 |     1 |     3 |     3 |     4 |     3 ||    15
Armor: Robe              |     4 |     4 |     6 |       |       |       |       |       ||    14
       Leather armour    |       |       |    57 |     2 |       |       |       |       ||    59
       Scale mail        |       |       |       |    84 |    88 |    15 |    37 |    14 ||   238
       Skin              |       |       |       |       |   242 |   358 |   318 |   210 ||  1128
Dodge: Dodged            |    16 |    32 |   107 |   154 |  1092 |  1278 |  1129 |   787 ||  4595
Block: Buckler           |       |     1 |    38 |    69 |   273 |       |       |       ||   381
       Kite shield       |       |       |       |       |   226 |  1017 |  2873 |  1714 ||  5830
       Reflection        |       |       |       |       |       |    48 |    37 |       ||    85

Table legend: (Time is in decaauts)
 A = Elapsed time spent in this place.
 B = Non-inter-level travel time spent in this place.
 C = Inter-level travel time spent in this place.
 D = Time resting spent in this place.
 E = Time spent auto-exploring this place.
 F = Levels seen in this place.
 G = Mean time per level.
                   A        B        C        D        E       F      G
               +--------+--------+--------+--------+--------+-----+--------+
         Total |  87667 |  79942 |   7725 |  13750 |  48797 |  46 | 1905.8 |
       Dungeon |  25232 |  21505 |   3727 |   4597 |  12861 |  15 | 1682.1 |
        Temple |    218 |    201 |     17 |      0 |    199 |   1 |  218.0 |
          Lair |  13629 |  12324 |   1305 |   2160 |   8244 |   6 | 2271.5 |
        Shoals |   7756 |   7466 |    290 |    513 |   5083 |   4 | 1939.0 |
     Snake Pit |   9315 |   8983 |    332 |    532 |   6651 |   4 | 2328.8 |
  Orcish Mines |   3034 |   2684 |    350 |    675 |   1443 |   2 | 1517.0 |
   Elven Halls |  10554 |   9619 |    935 |   2474 |   4890 |   3 | 3518.0 |
        Vaults |  14536 |  13772 |    764 |   1893 |   8281 |   5 | 2907.2 |
        Depths |    168 |    168 |      0 |      0 |     10 |   1 |  168.0 |
         Abyss |   2671 |   2671 |      0 |    780 |    940 |   4 |  667.8 |
        Bailey |    549 |    549 |      0 |    122 |    191 |   1 |  549.0 |
               +--------+--------+--------+--------+--------+-----+--------+

Top non-repeatable levels by time:
   Elf:2: 3948 daAuts
Vaults:4: 3861 daAuts
  Lair:6: 3543 daAuts
   Elf:1: 3482 daAuts
 Snake:2: 3285 daAuts
Vaults:2: 3240 daAuts
   Elf:3: 3124 daAuts
     D:2: 2729 daAuts
Vaults:3: 2632 daAuts
     D:8: 2504 daAuts
Vaults:1: 2485 daAuts
  Lair:3: 2326 daAuts
Vaults:5: 2315 daAuts
Shoals:4: 2276 daAuts
 Snake:1: 2205 daAuts
